 Dungeon Crawl Stone Soup version 0.17-a0-1479-g4041c36 (webtiles) character file.

57 emikaela the Vexing (level 4, -6/29 HPs)
             Began as an Octopode Wanderer on July 3, 2015.
             Was a Follower of Nemelex Xobeh.
             Killed from afar by Natasha (11 damage)
             ... with a magic dart
             ... on level 2 of the Dungeon.
             The game lasted 00:05:11 (1145 turns).

emikaela the Vexing (Octopode Wanderer)             Turns: 1145, Time: 00:05:11

Health: -6/29      AC:  1    Str: 16    XL:     4   Next: 0%
Magic:  6/6        EV: 11    Int: 15    God:    Nemelex Xobeh [*.....]
Gold:   26         SH:  0    Dex: 11    Spells: 2 memorised, 3 levels left

rFire  . . .     SeeInvis .     b - +0 hand crossbow
rCold  . . .     Clarity  .     (no shield)
rNeg   . . .     SustAt   .     (helmet restricted)
rPois  .         Gourm    .     (no amulet)
rElec  .         Spirit   .     i - +5 ring of strength
rCorr  .         Warding  .     (no ring)
rMut   .         Stasis   .     (no ring)
MR     .....                    (no ring)
Stlth  +++.......               (no ring)
                                (no ring)
                                (no ring)
                                (no ring)

@: not resistant to hostile enchantments, fairly stealthy
A: almost no armour, amphibious, 8 rings, constrict 8, camouflage 1, gelatinous
body 1
a: Renounce Religion


You were on level 2 of the Dungeon.
You worshipped Nemelex Xobeh.
Nemelex Xobeh was aware of your devotion.
You were not hungry.

You visited 1 branch of the dungeon, and saw 2 of its levels.

You collected 26 gold pieces.

Inventory:

Hand weapons
 b - a +0 hand crossbow (weapon)
Missiles
 c - 30 bolts (quivered)
 g - 29 sling bullets
 h - 36 stones
 n - 14 poisoned needles
Jewellery
 i - a +5 ring of strength (left tentacle)
Scrolls
 d - a scroll of teleportation
 f - a scroll of remove curse {unknown}
 o - a scroll of random uselessness {unknown}
 p - a scroll of identify {unknown}
Potions
 j - a potion of might {unknown}
 l - a potion of invisibility {unknown}
 m - a potion of cure mutation {unknown}
Books
 a - a book of Maledictions
Miscellaneous
 k - a plain deck of war
Comestibles
 e - 2 bread rations


   Skills:
 - Level 2.0 Fighting
 - Level 3.0 Crossbows
 - Level 1.3 Stealth
 + Level 1.6 Spellcasting
 + Level 3.3 Hexes
   Level 1.0 Necromancy
 - Level 1.1 Evocations


You had 3 spell levels left.
You knew the following spells:

 Your Spells              Type           Power        Failure   Level  Hunger
a - Corona                Hex            ##.....      8%          1    ##.....
b - Ensorcelled Hibernat  Hex/Ice        #.....       17%         2    ###....


Dungeon Overview and Level Annotations

Branches:
Dungeon (2/15)

Altars:
Nemelex Xobeh

Annotations:
D:2 Natasha


Innate Abilities, Weirdness & Mutations

You cannot wear most types of armour.
You are amphibious.
You can wear up to eight rings at the same time.
You can use your tentacles to constrict eight enemies at once.
Your skin changes colour to match your surroundings (Stealth).
Your rubbery body absorbs attacks (AC +1).


Message History

c - 30 bolts (gained 1)
You start resting.
Eating a chunk of flesh.
This raw flesh tastes terrible.
You continue eating. x2
Your magical contamination has completely faded away.
Natasha, Servant of Life and Death comes into view.
Natasha moves out of view.
You see here a whip.
Natasha hisses angrily.
Natasha stares at you and mumbles some strange words.
You resist with some effort.
Natasha mumbles some strange words.
You feel disoriented.
You see here a dagger.
Natasha stares at you and mumbles some strange words.
You resist with some effort.
A worm comes into view.
Natasha stares at you and mumbles some strange words.
The magic dart hits you!
You die...
Your body disappears without a glow.

#..>..#.#.[....#
#.....#...###### ###...)..##
#..###..# ##.## #h.#
#..####..## #######.###.....#
........<.#.###.#
....#.....@.# .# ##..#...#.#.#
.# ## #......#.#... .# ..
##.#..##.####### ...
..###.#..##w# ###.###
............#### ##.....###
........).......... .........
. ######.##...########.#.#.###
..#####..##...######.......###


You could see a worm (wandering) and Natasha.

Vanquished Creatures
  Natasha (D:2)
  A worm (D:2)
  6 giant cockroaches
  3 goblins
  A hobgoblin (D:2)
  5 kobolds
  A quokka (D:1)
  2 bats (D:1)
  3 giant newts (D:2)
  6 rats
29 creatures vanquished.

Notes
Turn   | Place    | Note
--------------------------------------------------------------
     0 | D:1      | emikaela the Octopode Wanderer began the quest for the Orb.
     0 | D:1      | emikaela set off with: a book of Maledictions, a +0 hand crossbow, 31 bolts, a scroll of teleportation, a bread ration
     0 | D:1      | Reached XP level 1. HP: 14/14 MP: 2/2
     2 | D:1      | Learned a level 1 spell: Corona
   153 | D:1      | Reached XP level 2. HP: 19/19 MP: 3/3
   578 | D:1      | You fall through a shaft!
   733 | D:2      | Reached XP level 3. HP: 17/24 MP: 2/4
   744 | D:2      | Learned a level 2 spell: Ensorcelled Hibernation
  1053 | D:2      | Found a faded altar to an unknown god.
  1060 | D:2      | Became a worshipper of Nemelex Xobeh the Trickster
  1060 | D:2      | Received a gift from Nemelex Xobeh
  1104 | D:2      | Noticed Natasha
  1112 | D:2      | Killed Natasha
  1112 | D:2      | Reached XP level 4. HP: 2/29 MP: 2/6
  1127 | D:2      | Noticed Natasha
  1145 | D:2      | Killed from afar by Natasha

Vault maps used:
D:1:      onia_arrival_larder
D:2:      ecumenical_altar_2, minivault_11, uniq_natasha

Action                   |  1- 3 |  4- 6 || total
-------------------------+-------+-------++-------
 Fire: Hand crossbow     |    75 |       ||    75
 Cast: Corona            |     5 |       ||     5
  Eat: Chunk             |       |     1 ||     1
